AoeStats
← manfred_da_pig

African Clearing

505288196Analyzed
2v2 RM · 24d ago on Sep 8, 2026· 51m 48s· 4 players
Game mode
Random Map
Map size
Medium (4 player)
Population
200
Speed
Normal
Resources
Standard
Victory
Conquest
Starting age
Dark Age
Ending age
Imperial Age
RankedLock teamsTeams togetherTeam positionsShared explorationLock speedFull tech treeHidden civsTurbo modeCheats
Victory
Defeat
🇩🇪 Ethiopians · Germany
1468
+16
🇩🇪 Jurchens · Germany
1453
+16
🇫🇷 Aztecs · France
1458
-16
🇫🇷 Lithuanians · France
1458
-16
manfred_da_pig
11:25 Loom
14:01 Feudal Age
15:30 Double-Bit Axe
18:15 Castle Age
16:47 Gold Mining
18:56 Scale Barding Armor
20:01 Bow Saw
22:36 Husbandry
24:27 Bloodlines
24:35 Horse Collar
25:22 Town Watch
26:18 Chain Barding Armor
29:53 Forging
31:13 Wheelbarrow
32:06 Iron Casting
33:02 Fletching
33:38 Bodkin Arrow
37:16 Imperial Age
35:47 Hand Cart
36:59 Town Patrol
36:56 Stone Mining
37:35 Heavy Plow
37:18 Elite Steppe Lancer
38:35 Plate Barding Armor
40:23 Blast Furnace
43:10 Bracer
43:33 Ballistics
44:12 Elite Fire Lancer
44:53 Squires
45:07 Scale Mail Armor
45:41 Gambesons
45:42 Arson
46:15 Chain Mail Armor
47:30 Elite Iron Pagoda
49:39 Conscription
52:08 Stone Shaft Mining
52:10 Gold Shaft Mining
52:53 Chemistry
52:04 Masonry
52:21 Fortified Bastions
EatEaty
6:22 Loom
12:12 Feudal Age
12:50 Double-Bit Axe
15:22 Town Watch
15:59 Fletching
18:20 Castle Age
16:58 Fletching
18:23 Horse Collar
18:58 Bodkin Arrow
20:06 Crossbowman
24:46 Bow Saw
27:50 Gold Mining
28:30 Heavy Plow
29:59 Thumb Ring
31:05 Padded Archer Armor
32:13 Stone Mining
33:25 Ballistics
36:13 Gold Shaft Mining
39:20 Imperial Age
38:26 Leather Archer Armor
40:20 Bracer
41:21 Chemistry
40:04 Arbalester
41:37 Scale Mail Armor
42:42 Wheelbarrow
42:53 Chain Mail Armor
43:37 Squires
44:17 Plate Mail Armor
44:21 Halberdier
45:28 Hand Cart
46:09 Town Patrol
46:47 Conscription
47:29 Forging
47:49 Ring Archer Armor
49:49 Iron Casting
50:26 Two-Man Saw
49:59 Coinage
49:52 Arson
50:04 Elite Shotel Warrior
51:14 Caravan
51:45 Banking
Guizmojunior
11:11 Loom
13:29 Feudal Age
17:14 Castle Age
15:31 Double-Bit Axe
17:48 Scale Mail Armor
18:31 Bow Saw
18:33 Eagle Warrior
25:43 Horse Collar
30:17 Wheelbarrow
29:52 Fletching
34:10 Imperial Age
32:04 Forging
31:50 Gold Mining
31:50 Stone Mining
31:56 Town Watch
33:24 Gold Shaft Mining
33:04 Pikeman
34:45 Chain Mail Armor
35:05 Iron Casting
36:34 Plate Mail Armor
36:28 Squires
38:09 Blast Furnace
37:31 Conscription
37:51 Elite Eagle Warrior
40:10 Ballistics
40:51 Chemistry
43:08 Hand Cart
42:55 Heavy Plow
42:39 Capped Ram
45:46 Garland Wars
46:04 Atlatl
46:13 Onager
46:59 Siege Ram
The_Black_Duck
11:56 Loom
14:14 Feudal Age
16:15 Double-Bit Axe
18:45 Castle Age
17:56 Scale Barding Armor
18:11 Bloodlines
18:53 Forging
27:37 Chain Barding Armor
30:57 Wheelbarrow
35:20 Fletching
37:00 Bow Saw
41:45 Imperial Age
39:54 Husbandry
42:17 Masonry
42:12 Cavalier
44:48 Plate Barding Armor
47:01 Forging
46:38 Capped Ram
47:24 Elite Skirmisher
48:01 Bodkin Arrow
Connection lost

Rejoining the realm…

Still unreachable

The connection could not be restored.

Session expired

The server has moved on; the page needs a fresh start.